Map: Daybreak LE (Void)

Players

Nogard - Winner!

  • Race: Zerg Zerg
  • Spawn Location: 1:00

Fropez

  • Race: Protoss Protoss
  • League: Gold
  • Spawn Location: 7:00

VOD

Have the link to the VOD?

Description

Time

  • Played on: Jan. 10, 2017, 10:12 a.m.
  • Length: 3:01
Show
View Real Time Build Order
Export as new Build Order

Nogard Zerg - Winner!

Build Orders: Hatch First 

Get SALT Encoding   

  12  0:02  Drone  
  13  0:09  Drone  
  14  0:17  Overlord  
  14  0:25  Extractor  
  14  0:26  Drone  
  15  0:50  Drone  
  15  0:51  Hatchery  
  15  0:56  Drone  
  16  0:59  Drone  
  17  1:07  Extractor  
  16  1:28  Spawning Pool  
  16  1:29  Drone x2  
  17  1:53  Drone x2  
  19  2:32  Zergling x2  
  19  2:33  Zergling x2  
Show
View Real Time Build Order
Export as new Build Order

Fropez Protoss 

Build Orders:  

Get SALT Encoding   

  12  0:02  Probe (Chrono Boost)  
  13  0:12  Probe (Chrono Boost)  
  14  0:19  Pylon  
  14  0:23  Probe (Chrono Boost)  
  15  0:38  Gateway  
  15  0:39  Probe (Chrono Boost)  
  16  1:00  Forge, Probe (Chrono Boost)  
  17  1:06  Pylon  
  17  1:15  Pylon  
  17  1:34  Photon Cannon  
  17  1:43  Pylon  
  17  1:45  Pylon  
  17  1:46  Pylon  
  17  2:06  Photon Cannon  
  17  2:07  Photon Cannon  
  17  2:11  Photon Cannon  
  18  2:15  Probe (Chrono Boost)  
  18  2:20  Assimilator  
  18  2:33  Photon Cannon  
  18  2:39  Pylon  
  18  2:42  Probe (Chrono Boost)  
Tags
 
League
Gold
Matchup
PvZ
Replay Pack
All Mines
Spawn Locations
Cross Positions
Add a new tag
Caveats
  • Supply blocks, unpowered buildings, or Contaminate may cause inaccurate times.
  • Supply counts are checked every 10 seconds.